 Dungeon Sprint DCSS version 0.28.0-53-g5a82cb258f (webtiles) character file.

Game seed: 2838416281958476010

107 Zeld the Skirmisher (level 4, -5/47 HPs)
             Began as a Minotaur Berserker on June 7, 2022.
             Was a Follower of Trog.
             Slain by Sigmund
             ... wielding a +1 scythe of protection
              (6 damage)
             ... in the Dungeon (Sprint I: "Red Sonja").
             The game lasted 00:00:19 (393 turns).

Zeld the Skirmisher (Minotaur Berserker)             Turns: 393, Time: 00:00:19

Health: -5/47      AC:  2    Str: 23    XL:     4   Next: 57%
Magic:  3/3        EV: 13    Int:  4    God:    Trog [*.....]
Gold:   54         SH:  0    Dex: 10    Spells: 3/3 levels left

rFire   . . .      SeeInvis .   a - +0 hand axe
rCold   . . .      Faith    .   (no shield)
rNeg    . . .      Spirit   .   b - +0 animal skin
rPois   .          Reflect  .   (helmet restricted)
rElec   .          Harm     .   (no cloak)
rCorr   .          Rampage  .   (no gloves)
Will    .....      NoTele   +   (no boots)
Stlth   +.........              (no amulet)
HPRegen 0.15/turn               (no ring)
MPRegen 0.08/turn               (no ring)

@: on berserk cooldown, slowed, very slow
A: horns 2, retaliatory headbutt
a: Renounce Religion, Berserk


You were in the Dungeon.
You worshipped Trog.
Trog was aware of your devotion.
You visited 1 branch You collected 54 gold pieces.

Inventory:

Hand Weapons
 a - a +0 hand axe (weapon)
Armour
 b - a +0 animal skin (worn)
Wands
 i - a wand of flame (17)
Scrolls
 h - a scroll of blinking
Potions
 c - a potion of curing
 d - a potion of heal wounds
 e - a potion of haste
 f - 2 potions of magic
 g - a potion of berserk rage


   Skills:
 * Level 7.4 Fighting
 * Level 7.2 Axes
 + Level 4.9 Armour
 + Level 4.4 Dodging


You had 3 spell levels left.
You didn't know any spells.
Your spell library was empty.

Dungeon Overview and Level Annotations

Branches:
Dungeon (1/1)

Altars:

Annotations:
D Sigmund


Innate Abilities, Weirdness & Mutations

You have a pair of horns on your head.
You reflexively headbutt those who attack you in melee.


Message History

You hit Sigmund but do no damage.
Sigmund is heavily wounded.
Sigmund misses you.
You're too confused to move!
You feel less confused.
Sigmund laughs darkly.
Sigmund gestures at you while chanting. The puff of flame hits you!
You slash Sigmund! You headbutt Sigmund, but do no damage.
Sigmund is severely wounded.
Sigmund completely misses you.
You hit Sigmund but do no damage. Your headbutt misses Sigmund.
Sigmund is severely wounded.
Sigmund gestures at you while chanting. You resist with some effort.
You barely miss Sigmund. Your headbutt misses Sigmund.
Sigmund is severely wounded.
Sigmund laughs darkly.
Sigmund hits you with a +1 scythe of protection!
You closely miss Sigmund.
Sigmund is severely wounded.
Sigmund screams, "I am the angel of ZOT!!!"
Sigmund hits you with a +1 scythe of protection!
* * * LOW HITPOINT WARNING * * *
You slash Sigmund!
Sigmund is almost dead.
Sigmund hits you with a +1 scythe of protection.
* * * LOW HITPOINT WARNING * * *
You hit Sigmund but do no damage.
Sigmund is almost dead.
Sigmund laughs darkly.
Sigmund barely misses you.
You hit Sigmund but do no damage.
Sigmund is almost dead.
Sigmund hits you with a +1 scythe of protection!
* * * LOW HITPOINT WARNING * * *
You barely miss Sigmund.
Sigmund is almost dead.
Sigmund hits you with a +1 scythe of protection.
You die...

#############
#<.#..'..#.@+
#..').#..'@.#
#..#####'####
#..# #..#
#..# ####
#.)# #⌠⌠#
####


You could see Sigmund.

Vanquished Creatures
  An ogre (D)
  Ijyb (D)
2 creatures vanquished.

Notes
Turn   | Place    | Note
-------+----------+-------------------------------------------
     0 | D        | Zeld the Minotaur Berserker began the quest for the Orb.
     0 | D        | Reached XP level 1. HP: 19/19 MP: 0/0
     2 | D        | Noticed Ijyb
     7 | D        | Killed Ijyb
     8 | D        | Reached skill level 5 in Fighting
     8 | D        | Reached skill level 5 in Axes
     8 | D        | Reached XP level 2. HP: 29/29 MP: 1/1
    34 | D        | Noticed an ogre
    49 | D        | Killed an ogre
    50 | D        | Reached XP level 3. HP: 14/39 MP: 2/2
    50 | D        | Reached XP level 4. HP: 17/47 MP: 3/3
   375 | D        | Noticed Sigmund
   392 | D        | HP: 1/47 [Sigmund/+1 scythe of protection (9)]
   393 | D        | Slain by Sigmund

Illustrated notes

Levels and vault maps discovered:
D:        dungeon_sprint_1 [red_sonja_temple_1, red_sonja_temple_small_1]

Skill      XL: |  1  2 |
---------------+-------+-----
Fighting       | 5 7 |  7.4
Axes           | 5 7 |  7.2
Armour         | 3 4 |  4.9
Dodging        | 3 4 |  4.4

Action                   |  1- 3 |  4- 6 || total
-------------------------+-------+-------++-------
Melee: Hand axe          |     8 |    11 ||    19
       Headbutt          |     2 |     1 ||     3
Invok: Berserk           |     2 |     1 ||     3
Armor: Animal skin       |     1 |       ||     1
Dodge: Dodged            |     4 |     6 ||    10
